 Dungeon Crawl Stone Soup version 0.16-a0-3253-g5709529 (webtiles) character file.

39 yuleCrawler the Magician (level 3, -7/21 HPs)
             Began as an Octopode Wizard on Dec 23, 2014.
             Mangled by Crazy Yiuf
             ... wielding a +4 quarterstaff of chaos
              (19 damage)
             ... on level 2 of the Dungeon.
             The game lasted 00:03:10 (1495 turns).

yuleCrawler the Magician (Octopode Wizard)          Turns: 1495, Time: 00:03:10

Health: -7/21      AC:  1    Str:  6    XL:     3   Next: 47%
Magic:  9/9        EV: 12    Int: 21    God:
Gold:   110        SH:  0    Dex: 10    Spells: 4 memorised, 1 level left

rFire  . . .     SeeInvis .     k - +0 spear
rCold  . . .     Clarity  .     (no shield)
rNeg   . . .     SustAb   .     b - +0 hat
rPois  .         Gourm    .     (no amulet)
rElec  .         Spirit   .     (no ring)
rCorr  .         Warding  .     (no ring)
rMut   .         Stasis   .     (no ring)
MR     .....                    (no ring)
Stlth  ++........               (no ring)
                                (no ring)
                                (no ring)
                                (no ring)

@: confused, not resistant to hostile enchantments, unstealthy
A: almost no armour, amphibious, 8 rings, constrict 8, camouflage 1, gelatinous
body 1
a: no special abilities


You were on level 2 of the Dungeon.
You were hungry.

You visited 1 branch of the dungeon, and saw 2 of its levels.

You collected 110 gold pieces.

Inventory:

Hand weapons
 i - a +1 hammer of protection
 k - a +0 spear (weapon)
Missiles
 f - 3 tomahawks (quivered)
Armour
 b - a +0 hat (worn)
Scrolls
 e - 3 scrolls of remove curse {unknown}
 j - a scroll of identify {unknown}
Potions
 g - a potion of lignification {unknown}
Books
 c - a book of Minor Magic

   Spells                             Type                      Level
   a - Magic Dart                     Conjuration                  1
   b - Blink                          Translocation                2
   c - Call Imp                       Summoning                    2
   d - Repel Missiles                 Charms/Air                   2
   e - Slow                           Hexes                        2
   f - Conjure Flame                  Conjuration/Fire             3
   g - Mephitic Cloud                 Conjuration/Poison/Air       3
Comestibles
 a - a meat ration
 d - 4 bread rations
 h - 3 fruits


   Skills:
 - Level 2.0 Dodging
 - Level 2.6 Stealth
 - Level 4.2 Spellcasting
 * Level 1.0 Conjurations
   Level 1.0 Summonings
 - Level 1.0 Translocations


You had one spell level left.
You knew the following spells:

 Your Spells              Type           Power        Failure   Level  Hunger
a - Magic Dart            Conj           #...         10%         1    None
b - Conjure Flame         Conj/Fire      #.......     30%         3    ###....
c - Mephitic Cloud        Conj/Pois/Air  #.......     34%         3    ###....
d - Blink                 Tloc           N/A          12%         2    #......


Dungeon Overview and Level Annotations

Branches:
Dungeon (2/15)

Altars:

Annotations:
D:2 Crazy Yiuf


Innate Abilities, Weirdness & Mutations

You cannot wear most types of armour.
You are amphibious.
You can wear up to eight rings at the same time.
You can use your tentacles to constrict many enemies at once.
Your skin changes colour to match your surroundings (Stealth).
Your rubbery body absorbs attacks (AC +1).


Message History

Crazy Yiuf zaps a wand.
Your will is overpowered!
You are more confused.
You hit Crazy Yiuf but do no damage. Crazy Yiuf closely misses you.
You're too confused to cast spells.
Unknown command.
You bump into the rock wall.
Crazy Yiuf zaps a wand.
Your will is overpowered!
You are more confused.
Crazy Yiuf zaps a wand.
You struggle to resist.
You bump into the rock wall.
You see here a +0 rapier.
Crazy Yiuf whimpers, "Cholesterol!"
Crazy Yiuf grits, "Whippet Hive meccalolo!"
Crazy Yiuf closely misses you.
Crazy Yiuf hits you with a quarterstaff of chaos.
Crazy Yiuf freezes you. Crazy Yiuf closely misses you.
Crazy Yiuf twirls on the spot.
Crazy Yiuf hits you with a quarterstaff of chaos!!
Ouch! That really hurt!
You die...

.... #.)# ...(. #..#### #
......####.....## ###))
.......+.........####))))
.......#####.....)#)g##))
........#####.)..#)### #
#........#######
#.#......# #+#
#.@....####
#.#########+#..g......#
#.#......[.........[..#
#.#.†.................#
#.#...........#########
###.#...........+
....#...........#
####..........###
...#.##########


You could see Crazy Yiuf.

Vanquished Creatures
  An adder (D:2)
  A giant mite (D:2)
  2 giant geckos
  A bat (D:1)
  2 giant cockroaches
  2 goblins (D:1)
  A giant newt (D:1)
  3 jackals (D:1)
  4 kobolds (D:1)
  5 rats
22 creatures vanquished.

Notes
Turn   | Place    | Note
--------------------------------------------------------------
     0 | D:1      | yuleCrawler, the Octopode Wizard, began the quest for the Orb.
     0 | D:1      | Reached XP level 1. HP: 11/11 MP: 4/4
   362 | D:1      | Reached XP level 2. HP: 17/17 MP: 6/6
  1184 | D:2      | Reached skill level 4 in Spellcasting
  1184 | D:2      | Reached XP level 3. HP: 18/21 MP: 2/9
  1414 | D:2      | Learned a level 3 spell: Conjure Flame
  1418 | D:2      | Learned a level 3 spell: Mephitic Cloud
  1421 | D:2      | Learned a level 2 spell: Blink
  1461 | D:2      | Noticed Crazy Yiuf
  1495 | D:2      | Mangled by Crazy Yiuf

Action                   || total
-------------------------++-------
Melee: Unarmed           ||    60
       Short sword       ||     5
       Hammer            ||     6
       Rapier            ||     4
       Spear             ||     2
 Cast: Magic Dart        ||     5
       Conjure Flame     ||     1
  Use: Potion            ||     1
 Stab: Sleeping          ||     2
  Eat: Chunk             ||     1
